 Dungeon Crawl Stone Soup version 0.28.0-53-g5a82cb258f (webtiles) character file.

Game seed: 17964315648573307787

861 mcbry74 the Chopper (level 7, -11/61 HPs)
             Began as a Minotaur Fighter on June 26, 2022.
             Was an Initiate of Trog.
             Mangled by Duvessa
             ... wielding a +1 short sword of electrocution
              (18 damage)
             ... on level 4 of the Dungeon.
             The game lasted 00:10:07 (3075 turns).

mcbry74 the Chopper (Minotaur Fighter)              Turns: 3075, Time: 00:10:08

Health: -11/61     AC:  8    Str: 26    XL:     7   Next: 71%
Magic:  6/6        EV:  9    Int:  7    God:    Trog [......]
Gold:   253        SH:  4    Dex: 10    Spells: 6/6 levels left

rFire   . . .      SeeInvis .   o - +2 flail (drain)
rCold   . . .      Faith    .   c - +0 buckler
rNeg    . . .      Spirit   .   b - +0 scale mail
rPois   .          Reflect  .   (helmet restricted)
rElec   .          Harm     .   p - +0 cloak
rCorr   .          Rampage  .   (no gloves)
Will    .....                   (no boots)
Stlth   ..........              (no amulet)
HPRegen 0.20/turn               q - +6 ring of strength
MPRegen 0.10/turn               (no ring)

@: no status effects
A: horns 2, retaliatory headbutt
a: Renounce Religion


You were on level 4 of the Dungeon.
You worshipped Trog.
Trog was noncommittal.
You visited 1 branch of the dungeon, and saw 4 of its levels.

You collected 253 gold pieces.

Inventory:

Hand Weapons
 a - a +0 war axe
 k - a +0 war axe
 o - a +2 flail of draining (weapon)
 s - a +0 whip of flaming
 x - a +0 shortbow
Missiles
 f - 6 javelins (quivered)
 l - 6 poisoned darts
 y - 34 arrows
 z - 42 bolts
Armour
 b - a +0 scale mail (worn)
 c - a +0 buckler (worn)
 p - a +0 cloak (worn)
Jewellery
 q - a +6 ring of strength (left hand)
Scrolls
 g - a scroll of fear {unknown}
 i - a scroll of vulnerability {unknown}
 n - a scroll of amnesia {unknown}
 r - a scroll of teleportation {unknown}
 u - a scroll of torment {unknown}
 v - a scroll of fog {unknown}
 w - a scroll of noise {unknown}
 B - a scroll of immolation {unknown}
Potions
 d - a potion of might
 e - a potion of cancellation {unknown}
 h - 2 potions of mutation {unknown}
 j - a potion of degeneration {unknown}
 m - a potion of invisibility {unknown}
 t - a potion of curing {unknown}
 A - a potion of magic {unknown}


   Skills:
 + Level 5.5 Fighting
 + Level 6.5(7.6) Axes
 + Level 4.0(5.8) Maces & Flails
 + Level 4.0(5.8) Polearms
 + Level 5.5 Armour
 + Level 0.0 Dodging
 - Level 3.6 Shields


You had 6 spell levels left.
You didn't know any spells.
Your spell library was empty.

Dungeon Overview and Level Annotations

Branches:
Dungeon (4/15)             Temple (0/1) D:4

Altars:
Trog

Annotations:
D:4 Dowan, Duvessa


Innate Abilities, Weirdness & Mutations

You have a pair of horns on your head.
You reflexively headbutt those who attack you in melee.


Message History

Found a scale mail.
Dowan and a gnoll come into view.
Dowan is wielding a +5 dagger of venom.
Found a runed flail.
Dowan shouts!
You hear a shout! x3
Dowan gestures at something while chanting.
Duvessa, Sister of Dowan comes into view.
She is wielding a +1 short sword of electrocution.
Dowan casts a spell.
Dowan blinks!
Duvessa says, "Where magic fails, the sword succeeds!"
You hit Duvessa but do no damage. You drain Duvessa.
Duvessa is lightly wounded.
Duvessa says, "When magic and the sword combine, nothing stands against them."
You block Duvessa's attack.
Duvessa hits you with a +1 short sword of electrocution.
You sock Duvessa! You drain Duvessa.
Duvessa is heavily wounded.
Duvessa hits you with a +1 short sword of electrocution.
Duvessa hits you but does no damage.
You thump Duvessa! You drain Duvessa.
Duvessa is severely wounded.
You block Duvessa's attack.
You hit Duvessa. You drain Duvessa.
Duvessa is almost dead.
Duvessa hits you with a +1 short sword of electrocution.
You are electrocuted!
The gnoll hits you from afar with a +0 halberd.
Duvessa hits you but does no damage.
You are electrocuted!
The gnoll barely misses you.
You barely miss Duvessa.
Duvessa is almost dead.
Duvessa hits you with a +1 short sword of electrocution.
Duvessa hits you but does no damage.
The gnoll hits you from afar with a +0 halberd!
* * * LOW HITPOINT WARNING * * *
You hit Duvessa but do no damage.
Duvessa is almost dead.
Duvessa hits you with a +1 short sword of electrocution.
* * * LOW HITPOINT WARNING * * *
Duvessa hits you but does no damage.
You are electrocuted!!
You die...

#...........##.##.#
#.........#.##<##.#
#.........#..#.##.##########
#..............#.†.........#
############.###...........#
#..##......[....#
##.##...........#
#..#...........#
##@##.########## #e##.#
#g##.# #..#.# ##.#.# #...#
##..# .[.#######..# e
.§....e....>#


You could see Duvessa (fast, drained) and a gnoll.

Vanquished Creatures
  Pikel (D:4)
  An ogre (D:4)
  A centaur (D:4)
  An orc priest (D:3)
  A bullfrog skeleton (D:4)
  Natasha (twice) (D:4)
  7 adders
  2 dart slugs
  3 orcs (D:3)
  5 bats
  7 endoplasms
  3 giant cockroaches
  9 goblins
  2 hobgoblins (D:1)
  2 jackals (D:2)
  5 quokkas
  3 ball pythons
  5 frilled lizards
  5 kobolds
  3 rats (D:1)
68 creatures vanquished.

Notes
Turn   | Place    | Note
-------+----------+-------------------------------------------
     0 | D:1      | mcbry74 the Minotaur Fighter began the quest for the Orb.
     0 | D:1      | Reached XP level 1. HP: 19/19 MP: 0/0
   170 | D:1      | Found a faded altar of an unknown god.
   257 | D:1      | Reached XP level 2. HP: 27/27 MP: 1/1
   413 | D:1      | Reached skill level 3 in Axes
   575 | D:1      | Reached skill level 1 in Maces & Flails
   787 | D:2      | Reached skill level 1 in Polearms
   953 | D:2      | Reached XP level 3. HP: 28/33 MP: 2/2
  1304 | D:2      | Reached XP level 4. HP: 40/40 MP: 3/3
  1599 | D:2      | Found a bloodstained altar of Trog.
  1607 | D:2      | Became a worshipper of Trog the Wrathful
  1770 | D:3      | Reached skill level 4 in Axes
  1931 | D:3      | Reached XP level 5. HP: 37/46 MP: 4/4
  2381 | D:3      | Found a bloodstained altar of Trog.
  2404 | D:4      | Noticed Pikel
  2404 | D:4      | Noticed a lemure
  2404 | D:4      | Noticed a lemure
  2404 | D:4      | Noticed a lemure
  2404 | D:4      | Noticed a lemure
  2404 | D:4      | Noticed Natasha
  2411 | D:4      | Killed Pikel
  2412 | D:4      | Reached skill level 5 in Fighting
  2412 | D:4      | Reached skill level 5 in Axes
  2412 | D:4      | Reached skill level 5 in Armour
  2412 | D:4      | Reached XP level 6. HP: 35/56 MP: 5/5
  2412 | D:4      | Reached XP level 7. HP: 38/61 MP: 6/6
  2413 | D:4      | Killed Natasha
  2414 | D:4      | Reached skill level 6 in Axes
  2545 | D:4      | Found a staircase to the Ecumenical Temple.
  3023 | D:4      | Noticed Natasha
  3030 | D:4      | Killed Natasha
  3054 | D:4      | Noticed Dowan
  3057 | D:4      | Noticed Duvessa
  3075 | D:4      | Mangled by Duvessa

Illustrated notes

Levels and vault maps discovered:
D:1:      lemuel_arrival_muddy, layout_loops_ring,
          hellmonk_ecumenical_altar_crossroads, minmay_pentomino_z4
D:2:      layout_loops_corners, basic_altar, minmay_quantized
D:3:      layout_basic, trog_book, minmay_door_square
D:4:      layout_basic, minmay_temple_entry_waves, uniq_blork_the_orc,
          uniq_pikel, uniq_duvessa, uniq_natasha

Skill      XL: |  1  2  3  4  5  6  7 |
---------------+----------------------+-----
Axes           | 3 4 5 6 |  6.5
Maces & Flails | 1 2 3 4 |  4.0
Polearms       | 1 2 3 4 |  4.0
Armour         | 4 5 |  5.5
Fighting       | 4 5 |  5.5
Shields        | |  3.6

Action                   |  1- 3 |  4- 6 |  7- 9 || total
-------------------------+-------+-------+-------++-------
Melee: War axe           |    85 |    15 |       ||   100
       Headbutt          |    10 |     6 |     2 ||    18
       Flail             |       |    28 |    35 ||    63
Armor: Scale mail        |    44 |    16 |    17 ||    77
Dodge: Dodged            |    38 |    13 |    11 ||    62
Block: Buckler           |    24 |    11 |     9 ||    44
